SL
D.C. DIVIDED @ SAN MATEO DIRTY REDS
09/25/2042
 
TOP OF THE 1ST
D.C. Divided batting - Pitching for San Mateo Dirty Reds : RHP Juan Moreno
Pitching: RHP Juan Moreno
Batting: RHB Kimi Okubo 0-0: Ball
1-0: Ball
2-0: Ball
3-0: Swinging Strike
3-1: Base on Balls
Batting: RHB Peni Ferede 0-0: Called Strike
0-1: Called Strike
0-2: Ball
1-2: Ball
2-2: Ball
3-2: Foul Ball, location: 2F
3-2: Foul Ball, location: 2F
3-2: SINGLE (Groundball, 34D, EV 103.1 MPH)
Kimi Okubo to second
Runner from 2nd tries for 3rd, SAFE, throw by RF made to third
Batting: RHB Francisco Alhama 0-0: Called Strike
0-1: Swinging Strike
0-2: Ball
1-2: Ball
2-2: Fly out, F7 (Flyball, 7S, EV 83.1 MPH)
Throwing error, E7
Kimi Okubo scores
Peni Ferede to second
Batting: LHB Stanley Zijm 0-0: Called Strike
0-1: Ball
1-1: Ground out U3 (Groundball, 34, EV 82.5 MPH)
Peni Ferede to third
Batting: SHB Billy Dotson 0-0: Called Strike
0-1: Ball
1-1: Swinging Strike
1-2: Foul Ball, location: 2F
1-2: Ball
2-2: Ground out 4-3 (Groundball, 4, EV 88.1 MPH)
Top of the 1st over - 1 run, 1 hit, 1 error, 1 left on base; D.C. 1 - San Mateo 0
BOTTOM OF THE 1ST
San Mateo Dirty Reds batting - Pitching for D.C. Divided : RHP César Sandoval
Pitching: RHP César Sandoval
Batting: SHB Shiki Sanu 0-0: Ground out 4-3 (Groundball, 4, EV 103.1 MPH)
Batting: LHB Quitério Ruah 0-0: Swinging Strike
0-1: Ball
1-1: Swinging Strike
1-2: Foul Ball, location: 2F
1-2: Foul Ball, location: 2F
1-2: Ground out 1-3 (Groundball, P, EV 91.2 MPH)
Batting: LHB Esteban Sifuentes 0-0: Ball
1-0: Ball
2-0: Called Strike
2-1: Ground out 5-3 (Groundball, 56, EV 76.9 MPH)
Bottom of the 1st over - 0 runs, 0 hits, 0 errors, 0 left on base; D.C. 1 - San Mateo 0
TOP OF THE 2ND
D.C. Divided batting - Pitching for San Mateo Dirty Reds : RHP Juan Moreno
Batting: LHB Bill Butler 0-0: Ball
1-0: Foul Ball, location: 2F
1-1: Ball
2-1: Ball
3-1: Base on Balls
Batting: LHB Manuel Carmona 0-0: Foul Ball, location: 2F
0-1: Foul Ball, location: 2F
0-2: Ball
1-2: Ball
2-2: Foul Ball, location: 2F
2-2: Foul Ball, location: 2F
2-2: Fielders Choice at 2nd, 4-6 (Groundball, 34, EV 105.0 MPH)
Batting: RHB Martín Chávez 0-0: Ball
1-0: Swinging Strike
1-1: Grounds into double play, 5-4-3 (Groundball, 56, EV 104.4 MPH)
Top of the 2nd over - 0 runs, 0 hits, 0 errors, 0 left on base; D.C. 1 - San Mateo 0
BOTTOM OF THE 2ND
San Mateo Dirty Reds batting - Pitching for D.C. Divided : RHP César Sandoval
Batting: RHB Javier Sierra 0-0: Ball
1-0: Called Strike
1-1: DOUBLE (Line Drive, 7LM, EV 89.4 MPH)
Batting: RHB Dong-young Won 0-0: Called Strike
0-1: Swinging Strike
0-2: Foul Ball, location: 2F
0-2: Ball
1-2: Ball
2-2: Foul Ball, location: 2F
2-2: SINGLE (Groundball, 6MD, EV 96.9 MPH)
Javier Sierra to third
Runner from 3rd tries for Home, SAFE, no throw by CF
Batting: RHB Kawenaula Alohalani 0-0: Swinging Strike
0-1: Ball
1-1: Ball
2-1: Fielders Choice at 2nd, 4-6 (Groundball, 34, EV 104.4 MPH)
Batting: LHB Palaie Gaoteote 0-0: Fly out, F4 (Popup, 4D, EV 46.2 MPH)
Batting: LHB Kalino Iolana 0-0: Called Strike
0-1: Ball
1-1: SINGLE (Line Drive, 7S, EV 101.9 MPH)
Kawenaula Alohalani to second
Batting: RHB Robby Long 0-0: Called Strike
0-1: Swinging Strike
0-2: Fielders Choice at 2nd, 5-4 (Groundball, 5L, EV 79.4 MPH)
Bottom of the 2nd over - 1 run, 3 hits, 0 errors, 2 left on base; D.C. 1 - San Mateo 1
TOP OF THE 3RD
D.C. Divided batting - Pitching for San Mateo Dirty Reds : RHP Juan Moreno
Batting: RHB Germán Pérez 0-0: Called Strike
0-1: Foul Ball, location: 2F
0-2: Ball
1-2: Ball
2-2: Strikes out swinging
Batting: RHB Kimi Okubo 0-0: Ball
1-0: Ball
2-0: Foul Ball, location: 2F
2-1: Swinging Strike
2-2: Foul Ball, location: 2F
2-2: Ground out 5-3 (Groundball, 56S, EV 69.4 MPH)
Batting: RHB Peni Ferede 0-0: Ball
1-0: Ball
2-0: Ground out 6-3 (Groundball, 6MS, EV 64.4 MPH)
Top of the 3rd over - 0 runs, 0 hits, 0 errors, 0 left on base; D.C. 1 - San Mateo 1
BOTTOM OF THE 3RD
San Mateo Dirty Reds batting - Pitching for D.C. Divided : RHP César Sandoval
Batting: SHB Shiki Sanu 0-0: Ball
1-0: Foul Ball, location: 2F
1-1: Ground out 6-3 (Groundball, 6S, EV 69.4 MPH)
Batting: LHB Quitério Ruah 0-0: Called Strike
0-1: Foul Ball, location: 2F
0-2: SINGLE (Line Drive, 9LS, EV 106.2 MPH)
Batting: LHB Esteban Sifuentes 0-0: Ball
1-0: Foul Ball, location: 2F
1-1: Ball
2-1: Fly out, F8 (Flyball, 8LM, EV 91.9 MPH)
Batting: RHB Javier Sierra 0-0: Ball
1-0: Called Strike
1-1: Ball
2-1: Hit by Pitch
Quitério Ruah to second
Batting: RHB Dong-young Won 0-0: Ball
1-0: DOUBLE (Line Drive, 3D, EV 102.5 MPH)
Quitério Ruah scores
Javier Sierra to third
Runner from 3rd tries for Home, SAFE, no throw by RF
Batting: RHB Kawenaula Alohalani 0-0: Called Strike
0-1: Foul Ball, location: 2F
0-2: Ball
1-2: Ball
2-2: Strikes out swinging
Bottom of the 3rd over - 2 runs, 2 hits, 0 errors, 1 left on base; D.C. 1 - San Mateo 3
TOP OF THE 4TH
D.C. Divided batting - Pitching for San Mateo Dirty Reds : RHP Juan Moreno
Batting: RHB Francisco Alhama 0-0: Ball
1-0: Ball
2-0: Called Strike
2-1: Ball
3-1: SINGLE (Line Drive, 78S, EV 100.0 MPH)
Batting: LHB Stanley Zijm 0-0: Ball
1-0: Ball
2-0: Swinging Strike
2-1: Swinging Strike
2-2: Strikes out swinging
Batting: SHB Billy Dotson 0-0: Ball
1-0: Swinging Strike
1-1: Ball
2-1: Ball
3-1: Base on Balls
Francisco Alhama to second
Batting: LHB Bill Butler 0-0: Foul Ball, location: 2F
0-1: Ball
Wild Pitch!
Francisco Alhama to third
Billy Dotson to second
1-1: Ball
2-1: Called Strike
2-2: Foul Ball, location: 2F
2-2: Ground out 4-3 (Groundball, 4, EV 91.2 MPH)
Francisco Alhama scores
Billy Dotson to third
Batting: LHB Manuel Carmona 0-0: Called Strike
0-1: Ball
1-1: Ball
2-1: Ball
3-1: Base on Balls
Batting: RHB Martín Chávez 0-0: Ball
1-0: Called Strike
1-1: Swinging Strike
1-2: Ball
2-2: SINGLE (Flyball, 89S, EV 95.0 MPH)
Billy Dotson scores
Manuel Carmona to second
Runner from 2nd tries for 3rd, SAFE, throw by RF made to third
Batting: RHB Germán Pérez 0-0: Ball
1-0: Called Strike
1-1: Called Strike
1-2: Strikes out looking
Top of the 4th over - 2 runs, 2 hits, 0 errors, 2 left on base; D.C. 3 - San Mateo 3
BOTTOM OF THE 4TH
San Mateo Dirty Reds batting - Pitching for D.C. Divided : RHP César Sandoval
Batting: LHB Palaie Gaoteote 0-0: SOLO HOME RUN (Flyball, 9D, EV 94.4 MPH), Distance : 372 ft
Batting: LHB Kalino Iolana 0-0: Called Strike
0-1: Fly out, F7 (Flyball, 7S, EV 84.4 MPH)
Batting: RHB Robby Long 0-0: Ball
1-0: Ground out 5-3 (Groundball, 56S, EV 70.6 MPH)
Batting: SHB Shiki Sanu 0-0: Called Strike
0-1: Ball
1-1: Foul Ball, location: 2F
1-2: Ball
2-2: Strikes out swinging
Bottom of the 4th over - 1 run, 1 hit, 0 errors, 0 left on base; D.C. 3 - San Mateo 4
TOP OF THE 5TH
D.C. Divided batting - Pitching for San Mateo Dirty Reds : RHP Juan Moreno
Batting: RHB Kimi Okubo 0-0: Ball
1-0: Ball
2-0: Called Strike
2-1: Foul Ball, location: 2F
2-2: Fly out, F7 (Flyball, 7, EV 74.4 MPH)
Batting: RHB Peni Ferede 0-0: Called Strike
0-1: Ball
1-1: Ball
2-1: Foul Ball, location: 2F
2-2: Strikes out swinging
Pitching: RHP Jefferson Suhendro
Batting: RHB Francisco Alhama 0-0: Ball
1-0: Ball
2-0: Foul Ball, location: 2F
2-1: Ball
3-1: Called Strike
3-2: Foul Ball, location: 2F
3-2: Fly out, F8 (Flyball, 8RD, EV 91.9 MPH)
Top of the 5th over - 0 runs, 0 hits, 0 errors, 0 left on base; D.C. 3 - San Mateo 4
BOTTOM OF THE 5TH
San Mateo Dirty Reds batting - Pitching for D.C. Divided : RHP César Sandoval
Batting: LHB Quitério Ruah 0-0: Ball
1-0: SINGLE (Groundball, 6MD, EV 111.2 MPH)
Batting: LHB Esteban Sifuentes 0-0: Hit by Pitch
Quitério Ruah to second
Batting: RHB Javier Sierra 0-0: Called Strike
0-1: Ball
1-1: Called Strike
1-2: Ball
2-2: Reached on error, E5 (Groundball, 56S, EV 74.4 MPH)
Quitério Ruah to third
Esteban Sifuentes to second
Batting: RHB Dong-young Won 0-0: Swinging Strike
0-1: Foul Ball, location: 2F
0-2: Ball
1-2: Ball
2-2: Ball
3-2: Base on Balls
Quitério Ruah scores
Esteban Sifuentes to third
Javier Sierra to second
Pitching: LHP Henry Davis
Batting: RHB Kawenaula Alohalani 0-0: Called Strike
0-1: Ball
1-1: Ball
2-1: Fly out, F8 (Line Drive, 8LD, EV 85.6 MPH)
Runner from 3rd tags up, SCORES, throw by CF
Javier Sierra to third
Batting: LHB Palaie Gaoteote 0-0: Foul Ball, location: 2F
0-1: Ball
1-1: Foul Ball, location: 2F
1-2: Strikes out swinging
Batting: LHB Kalino Iolana 0-0: Called Strike
0-1: Foul Ball, location: 2F
0-2: Ball
1-2: Foul Ball, location: 2F
1-2: Fly out, F7 (Flyball, 7LS, EV 88.1 MPH)
Bottom of the 5th over - 2 runs, 1 hit, 1 error, 2 left on base; D.C. 3 - San Mateo 6
TOP OF THE 6TH
D.C. Divided batting - Pitching for San Mateo Dirty Reds : RHP Jefferson Suhendro
Batting: LHB Stanley Zijm 0-0: Ball
1-0: Called Strike
1-1: Ball
2-1: Swinging Strike
2-2: Fly out, F8 (Line Drive, 8LD, EV 92.5 MPH)
Batting: SHB Billy Dotson 0-0: Called Strike
0-1: Ball
1-1: Ground out 4-3 (Groundball, 4, EV 86.9 MPH)
Batting: LHB Bill Butler 0-0: Ball
1-0: Ball
2-0: Called Strike
2-1: Fly out, F7 (Line Drive, 7D, EV 108.8 MPH)
Top of the 6th over - 0 runs, 0 hits, 0 errors, 0 left on base; D.C. 3 - San Mateo 6
BOTTOM OF THE 6TH
San Mateo Dirty Reds batting - Pitching for D.C. Divided : LHP Henry Davis
Batting: RHB Robby Long 0-0: Ball
1-0: Fly out, F4 (Flyball, 4D, EV 87.5 MPH)
Batting: SHB Shiki Sanu 0-0: SINGLE (Groundball, 56D, EV 103.8 MPH)
Batting: LHB Quitério Ruah 0-0: Ball
Wild Pitch!
Shiki Sanu to second
1-0: Called Strike
1-1: Swinging Strike
1-2: Fly out, F7 (Flyball, 7LS, EV 90.0 MPH)
Batting: LHB Esteban Sifuentes 0-0: Called Strike
0-1: Called Strike
0-2: Fly out, F9 (Flyball, 9, EV 89.4 MPH)
Bottom of the 6th over - 0 runs, 1 hit, 0 errors, 1 left on base; D.C. 3 - San Mateo 6
TOP OF THE 7TH
D.C. Divided batting - Pitching for San Mateo Dirty Reds : RHP Jefferson Suhendro
Batting: LHB Manuel Carmona 0-0: Ball
1-0: Fly out, F7 (Flyball, 7LS, EV 90.6 MPH)
Batting: RHB Martín Chávez 0-0: Fly out, F3 (Popup, 23F, EV 86.9 MPH)
Batting: RHB Germán Pérez 0-0: Called Strike
0-1: Swinging Strike
0-2: SINGLE (Line Drive, 89S, EV 86.2 MPH)
Batting: RHB Kimi Okubo 0-0: Ball
1-0: Called Strike
1-1: Ball
2-1: Foul Ball, location: 2F
2-2: Ball
3-2: SINGLE (Line Drive, 78M, EV 85.6 MPH)
Germán Pérez to second
Germán Pérez to third
Batting: RHB Peni Ferede 0-0: Ball
1-0: Foul Ball, location: 2F
1-1: Ground out 4-3 (Groundball, 4, EV 88.1 MPH)
Top of the 7th over - 0 runs, 2 hits, 0 errors, 2 left on base; D.C. 3 - San Mateo 6
BOTTOM OF THE 7TH
San Mateo Dirty Reds batting - Pitching for D.C. Divided : LHP Henry Davis
Batting: RHB Javier Sierra 0-0: Ball
1-0: Swinging Strike
1-1: Foul Ball, location: 2F
1-2: Foul Ball, location: 2F
1-2: SINGLE (Line Drive, 4MD, EV 96.9 MPH)
Pitching: RHP Kent Martin
Batting: RHB Dong-young Won 0-0: Foul Ball, location: 2F
0-1: Foul Ball, location: 2F
0-2: Fly out, F7 (Flyball, 78M, EV 96.9 MPH)
Batting: RHB Kawenaula Alohalani 0-0: Foul Ball, location: 2F
0-1: Ball
1-1: Grounds into double play, 3-6-3 (Groundball, 34S, EV 90.6 MPH)
Bottom of the 7th over - 0 runs, 1 hit, 0 errors, 0 left on base; D.C. 3 - San Mateo 6
TOP OF THE 8TH
D.C. Divided batting - Pitching for San Mateo Dirty Reds : RHP Jefferson Suhendro
Pitching: LHP Urs Ehles
Batting: RHB Francisco Alhama 0-0: Ball
1-0: Foul Ball, location: 2F
1-1: Ball
2-1: Foul Ball, location: 2F
2-2: SINGLE (Groundball, 6D, EV 94.4 MPH)
Batting: LHB Stanley Zijm 0-0: Ball
1-0: Foul Ball, location: 2F
1-1: Ball
2-1: Foul Ball, location: 2F
2-2: Strikes out swinging
Batting: SHB Billy Dotson 0-0: Ball
1-0: Foul Ball, location: 2F
1-1: Swinging Strike
1-2: Foul Ball, location: 2F
1-2: Strikes out looking
Batting: LHB Bill Butler 0-0: Called Strike
0-1: Swinging Strike
0-2: Ball
1-2: Strikes out swinging
Top of the 8th over - 0 runs, 1 hit, 0 errors, 1 left on base; D.C. 3 - San Mateo 6
BOTTOM OF THE 8TH
San Mateo Dirty Reds batting - Pitching for D.C. Divided : RHP Kent Martin
Batting: LHB Palaie Gaoteote 0-0: Swinging Strike
0-1: Ball
1-1: Ball
2-1: Ground out 3-1 (Groundball, 3S, EV 71.9 MPH)
Batting: LHB Kalino Iolana 0-0: Ground out U3 (Groundball, 34, EV 84.4 MPH)
Batting: RHB Robby Long 0-0: Ball
1-0: Ground out 6-3 (Groundball, 6D, EV 77.5 MPH)
Bottom of the 8th over - 0 runs, 0 hits, 0 errors, 0 left on base; D.C. 3 - San Mateo 6
TOP OF THE 9TH
D.C. Divided batting - Pitching for San Mateo Dirty Reds : LHP Urs Ehles
Batting: LHB Manuel Carmona 0-0: Called Strike
0-1: Ball
1-1: Ball
2-1: Fly out, F7 (Flyball, 78S, EV 89.4 MPH)
Batting: RHB Martín Chávez 0-0: Fly out, F3 (Popup, 3SF, EV 84.4 MPH)
Batting: RHB Germán Pérez 0-0: Called Strike
0-1: Called Strike
0-2: Ground out 6-3 (Groundball, 6, EV 101.9 MPH)
Top of the 9th over - 0 runs, 0 hits, 0 errors, 0 left on base; D.C. 3 - San Mateo 6
Friday, March 26th, 2021 - OOTP Baseball 20.8 Build 74